 Dungeon Crawl Stone Soup version 0.29-a0-378-gc08b2e8bf8 (webtiles) character file.

Game seed: 9924273675185670899

50 spaghetti the Basher (level 3, -5/28 HPs)
             Began as a Gnoll Wanderer on May 4, 2022.
             Was a Follower of Okawaru.
             Killed from afar by Natasha (9 damage)
             ... with a magic dart
             ... on level 3 of the Dungeon.
             The game lasted 00:03:30 (1284 turns).

spaghetti the Basher (Gnoll Wanderer)               Turns: 1284, Time: 00:03:31

Health: -5/28      AC:  3    Str: 12    XL:     3   Next: 79%
Magic:  5/5        EV: 12    Int:  8    God:    Okawaru [*.....]
Gold:   72         SH:  5    Dex: 15    Spells: 4/4 levels left

rFire   . . .      SeeInvis .   o - +5 short sword "Kigucvom" {vorpal, Will++, short}
rCold   . . .      Faith    .   c - +0 buckler
rNeg    . . .      Spirit   .   e - +0 leather armour
rPois   .          Reflect  .   (no helmet)
rElec   .          Harm     .   (no cloak)
rCorr   .          Rampage  .   (no gloves)
Will    ++...                   (no boots)
Stlth   +.........              (no amulet)
HPRegen 0.09/turn               (no ring)
MPRegen 0.09/turn               (no ring)

@: no status effects
A: fangs 1, strong nose, distributed training
a: Renounce Religion, Heroism


You were on level 3 of the Dungeon.
You worshipped Okawaru.
Okawaru was aware of your devotion.
You visited 1 branch of the dungeon, and saw 3 of its levels.

You collected 72 gold pieces.


Innate Abilities, Weirdness & Mutations

You have very sharp teeth.
Your uncanny sense of smell can sniff out nearby items.
Your experience applies equally to all skills.


   Skills:
 + Level 2.6 Fighting
 + Level 1.0 Short Blades
 + Level 1.0 Long Blades
 + Level 1.0 Axes
 + Level 8.5 Maces & Flails
 + Level 1.0 Polearms
 + Level 1.0 Staves
 + Level 2.6 Slings
 + Level 1.0 Bows
 + Level 1.0 Crossbows
 + Level 2.6 Throwing
 + Level 1.0 Armour
 + Level 2.6 Dodging
 + Level 1.0 Stealth
 + Level 2.6 Shields
 + Level 1.0 Unarmed Combat
 + Level 1.0 Spellcasting
 + Level 0.7 Conjurations
 + Level 0.7 Hexes
 + Level 0.7 Summonings
 + Level 0.7 Necromancy
 + Level 0.7 Translocations
 + Level 0.7 Transmutations
 + Level 0.7 Fire Magic
 + Level 0.7 Ice Magic
 + Level 0.7 Air Magic
 + Level 0.7 Earth Magic
 + Level 0.7 Poison Magic
 + Level 2.7 Invocations
 + Level 1.0 Evocations


You had 4 spell levels left.
You didn't know any spells.
Your spell library contained the following spells:

 Spells                   Type           Power      Damage    Failure   Level
 Chain Lightning          Conj/Air       0%         2d1       100%        9
 Fire Storm               Conj/Fire      0%         6d1       100%        9
 Shatter                  Erth           0%         3d5*      100%        9

Inventory:

Hand Weapons
 a - a +2 mace {mace}
 b - a +0 hunting sling {sling}
 o - the +5 short sword "Kigucvom" (weapon) {vorpal, Will++, short}
   (You found it on level 2 of the Dungeon)

   It inflicts extra damage upon your enemies.
   Will:      It greatly increases your willpower.
Missiles
 f - 3 poisoned darts {throwing}
 p - 47 stones (quivered) {throwing}
Armour
 c - a +0 buckler (worn)
 e - a +0 leather armour (worn)
Magical Staves
 r - a staff of fire {!astaff}
   (You found it on level 2 of the Dungeon)
Scrolls
 g - 2 scrolls of teleportation {unknown}
 h - a scroll of summoning {unknown}
 i - 6 scrolls of identify {unknown}
 j - a scroll of fog {unknown}
 k - 2 scrolls of amnesia {unknown}
 l - a scroll of immolation {unknown}
 n - a scroll of silence {unknown}
 q - a scroll of magic mapping {unknown}
Potions
 d - 2 potions of lignification {!q}
 m - a potion of curing {unknown}

Dungeon Overview and Level Annotations

Branches:
Dungeon (3/15)

Altars:
Okawaru

Shops:
D:1 *([(

Annotations:
D:3 Natasha

###
#.#############
#......@h..?...
#.############.
#.# #.# #.#
#######.#######.#
#.........†......
#.#####^#######.#
#<# #.#


You could see Natasha.


Message History

No target in view!
No target in view!
No target in view!
No target in view!
No target in view!
No target in view!
No target in view!
No target in view!
No target in view!
No target in view!
No target in view!
No target in view!
Done exploring.
Done exploring.
Done exploring.
Done exploring.
Done exploring.
Done exploring.
Done exploring.
Done exploring.
Done exploring.
Done exploring.
Key pressed, stopping explore.
Done exploring.
Key pressed, stopping explore.
Key pressed, stopping explore.
Done exploring.
Search for what [? for help]? altar
There is a faded altar of an unknown god here.
You cannot tell which god this altar belongs to.
Convert to them anyway?
Okawaru accepts your prayer! Okawaru welcomes you!
You can now gain great but temporary skills.
Done exploring.
Done exploring.
(D) Dungeon
Where to? (Enter - D:2 @ (x,y), ? - help)
There is a stone staircase leading down here.
You climb downwards.
Found a stone staircase leading down.
There is a stone staircase leading up here.
A ball python comes into view.
A ball python is nearby!
A ball python is nearby!
You hit the ball python.
You kill the ball python!
Okawaru accepts your kill.
Your Short Blades skill increases to level 1!
Your Long Blades skill increases to level 1!
Your Axes skill increases to level 1!
Your Polearms skill increases to level 1!
Your Staves skill increases to level 1!
Your Bows skill increases to level 1!
Your Crossbows skill increases to level 1!
Your Armour skill increases to level 1!
Your Stealth skill increases to level 1!
Your Unarmed Combat skill increases to level 1!
Your Spellcasting skill increases to level 1!
Your Evocations skill increases to level 1!
No target in view!
No target in view!
No target in view!
No target in view!
No target in view!
No target in view!
No target in view!
No target in view!
No target in view!
No target in view!
No target in view!
i - 6 scrolls labelled LUCZYO KORCHY (gained 1) Natasha, Servant of Life and Death comes into view.
Natasha claws you! 😮 HP[-7]
You take 7 damage, and now have 21/28 hp.
MASSIVE DAMAGE!! (PAUSE) Unknown command.
You barely miss Natasha. Natasha barely misses you.
You hit Natasha. Natasha misses you.
You hit Natasha but do no damage. You bite Natasha, but do no damage.
Natasha misses you.
You miss Natasha. You block Natasha's attack.
You hit Natasha. Natasha claws you. 😮 HP[-4]
You take 4 damage, and now have 17/28 hp.
You barely miss Natasha. Natasha closely misses you.
You hit Natasha but do no damage. Natasha claws you.
* * * LOW HITPOINT WARNING * * *
😨 HP[-4]
You take 4 damage, and now have 13/28 hp.
You hit Natasha. Natasha barely misses you.
Natasha stares at you and mumbles some strange words.
The magic dart hits you!
* * * LOW HITPOINT WARNING * * *
😱 HP[-10]
You take 10 damage, and now have 3/28 hp.
MASSIVE DAMAGE!! (PAUSE)
You barely miss Natasha. Your bite misses Natasha.
Natasha casts a spell at you. The magic dart hits you!
You die...

Skill      XL: |  1  2  3 |
---------------+----------+-----
Short Blades   | 1 |  1.0
Long Blades    | 1 |  1.0
Axes           | 1 |  1.0
Polearms       | 1 |  1.0
Staves         | 1 |  1.0
Bows           | 1 |  1.0
Crossbows      | 1 |  1.0
Armour         | 1 |  1.0
Stealth        | 1 |  1.0
Unarmed Combat | 1 |  1.0
Spellcasting   | 1 |  1.0
Evocations     | 1 |  1.0
Fighting       | |  2.6
Maces & Flails | |  8.5
Slings         | |  2.6
Throwing       | |  2.6
Dodging        | |  2.6
Shields        | |  2.6
Conjurations   | |  0.7
Hexes          | |  0.7
Summonings     | |  0.7
Necromancy     | |  0.7
Translocations | |  0.7
Transmutations | |  0.7
Fire Magic     | |  0.7
Ice Magic      | |  0.7
Air Magic      | |  0.7
Earth Magic    | |  0.7
Poison Magic   | |  0.7
Invocations    | |  2.7

Action                   || total
-------------------------++-------
Melee: Mace              ||    57
       Bite              ||     5
       Short sword       ||    21
Throw: Dart              ||    38
       Stone             ||    22
 Stab: Sleeping          ||     1
Armor: Leather armour    ||    13
Dodge: Dodged            ||    36
Block: Buckler           ||     8

Levels and vault maps discovered:
D:1:      dpeg_arrival_rooms_c, layout_loops_cross, serial_shops, shop, shop,
          shop, nicolae_shop_behind_doors, hex_tiny
D:2:      layout_rooms, hellmonk_ecumenical_altar_lost_god
D:3:      layout_basic, uniq_natasha, uniq_sigmund, uniq_jessica

Notes
Turn   | Place    | Note
-------+----------+-------------------------------------------
     0 | D:1      | spaghetti the Gnoll Wanderer began the quest for the Orb.
     0 | D:1      | spaghetti set off with the following items: a +2 mace
                  | {mace}, a +0 hunting sling {sling}, a +0 buckler, a potion
                  | of lignification {!q}, a +0 leather armour
     0 | D:1      | Reached XP level 1. HP: 17/17 MP: 2/2
     0 | D:1      | magus.rc [v1.9.6]
    92 | D:1      | Reached XP level 2. HP: 23/23 MP: 3/3
   207 | D:1      | Found Xewiciash's Antique Armour Shop.
   336 | D:1      | Found Laodilulaw's Assorted Antiques.
   338 | D:1      | Found Kavvum's Antique Weapon Boutique.
   375 | D:1      | You pick up a book of Annihilations and begin reading...
   375 | D:1      | You add the spells Chain Lightning, Fire Storm and Shatter
                  | to your library.
   600 | D:1      | Found Bodi's Weapon Emporium.
   649 | D:2      | Reached XP level 3. HP: 27/28 MP: 4/4
   788 | D:2      | Identified the +5 short sword "Kigucvom" {vorpal, Will++}
  1084 | D:2      | Found a faded altar of an unknown god.
  1242 | D:2      | Prayed at the altar of an unknown god.
  1242 | D:2      | Became a worshipper of Warmaster Okawaru
  1242 | D:2      | Reached * piety under Okawaru
  1262 | D:3      | Reached skill level 1 in Short Blades
  1262 | D:3      | Reached skill level 1 in Long Blades
  1262 | D:3      | Reached skill level 1 in Axes
  1262 | D:3      | Reached skill level 1 in Polearms
  1262 | D:3      | Reached skill level 1 in Staves
  1262 | D:3      | Reached skill level 1 in Bows
  1262 | D:3      | Reached skill level 1 in Crossbows
  1262 | D:3      | Reached skill level 1 in Armour
  1262 | D:3      | Reached skill level 1 in Stealth
  1262 | D:3      | Reached skill level 1 in Unarmed Combat
  1262 | D:3      | Reached skill level 1 in Spellcasting
  1262 | D:3      | Reached skill level 1 in Evocations
  1272 | D:3      | Noticed Natasha
  1283 | D:3      | HP: 3/28 [Natasha/magic dart (10)]
  1284 | D:3      | Killed from afar by Natasha

Vanquished Creatures
  An adder (D:2)
  4 ball pythons
  2 endoplasms (D:1)
  2 giant cockroaches (D:1)
  6 goblins
  A hobgoblin (D:1)
  8 jackals
  4 quokkas
  2 bats (D:2)
  A frilled lizard (D:1)
  A kobold (D:1)
  4 rats
36 creatures vanquished.

Table legend:
 A = Non-vault XP
 B = Vault XP
 C = Vault XP percentage of total XP
 D = Non-vault monster count
 E = Vault monster count
 F = Vault count percentage of total count
                 A         B        C        D         E       F
            +---------+---------+-------+---------+---------+-------
      Total |      72 |       0 |   0.0 |      36 |       0 |   0.0
            +---------+---------+-------+---------+---------+-------
        D:1 |      32 |       0 |   0.0 |      18 |       0 |   0.0
        D:2 |      39 |       0 |   0.0 |      17 |       0 |   0.0
        D:3 |       1 |       0 |   0.0 |       1 |       0 |   0.0
            +---------+---------+-------+---------+---------+-------

Illustrated notes

Table legend:
 A = Kills in this place as a percentage of kills in entire the game.
 B = Kills by you in this place as a percentage of kills by you in the entire game.
 C = Kills by friends in this place as a percentage of kills by friends in the entire game.
 D = Other kills in this place as a percentage of other kills in the entire game.
 E = Experience gained in this place as a percentage of experience gained in the entire game.
 F = Experience gained in this place divided by the number of levels of this place that you have seen.
                   A       B       C       D       E      F
               +-------+-------+-------+-------+-------+----------------------
         Total | 100.0 | 100.0 |   N/A |   N/A | 100.0 |  24.0
       Dungeon | 100.0 | 100.0 |   N/A |   N/A | 100.0 |  24.0
               +-------+-------+-------+-------+-------+----------------------

Table legend: (Time is in decaauts)
 A = Elapsed time spent in this place.
 B = Non-inter-level travel time spent in this place.
 C = Inter-level travel time spent in this place.
 D = Time resting spent in this place.
 E = Time spent auto-exploring this place.
 F = Levels seen in this place.
 G = Mean time per level.
                   A        B        C        D        E       F      G
               +--------+--------+--------+--------+--------+-----+--------+
         Total |   1283 |   1211 |     72 |      0 |    969 |   3 |  427.7 |
       Dungeon |   1283 |   1211 |     72 |      0 |    969 |   3 |  427.7 |
               +--------+--------+--------+--------+--------+-----+--------+

Top non-repeatable levels by time:
     D:1: 632 daAuts
     D:2: 616 daAuts
     D:3: 34 daAuts
